cohdb
Replays
Latest Replays
All Replays
Popular Replays
Top Player Replays
Match Explorer
How It Works
Community
CoH3 Stats
Reddit
Sign in to upload your games and track your stats! →
Sign in with Steam
Match 47346023
Unlisted
Match 47346023
Overview
Messages
Build Orders
End
Panzergrenadier Squad
Selects Italian Infantry
Selects Italian Infantry
Panzergrenadier Squad
Panzergrenadier Squad
250 Light Carrier
Construct Light Support Kompanie
Combat Half-tracks
Selects Guastatori Squad
Selects Registered Artillery
Construct Mechanized Kompanie
[DOOM INTENSIFIES]
RDFlight
A KRAUT
Old Saint Henderson
SgtSteiner
Jun
0
0
Comments
sign in to comment!
No comments posted yet!